Map: Abiogenesis LE

Players

Aven

  • Race: Terran Terran
  • League: Diamond
  • Spawn Location: 11:00

unhedged - Winner!

  • Race: Zerg Zerg
  • League: Diamond
  • Spawn Location: 5:00

VOD

Have the link to the VOD?

Description

Time

  • Played on: March 28, 2018, 10:25 p.m.
  • Length: 12:34
Show
View Real Time Build Order
Export as new Build Order

Aven Terran 

Build Orders: Reaper Expand 

Get SALT Encoding   

  12  0:01  SCV  
  13  0:13  SCV  
  14  0:19  Supply Depot  
  14  0:25  SCV  
  15  0:40  SCV  
  15  0:42  Barracks  
  16  0:47  Refinery  
  16  0:53  SCV  
  17  1:05  SCV  
  18  1:17  SCV  
  19  1:30  Orbital Command  
  19  1:32  Reaper  
  20  1:43  Command Center  
  20  1:58  SCV  
  20  2:00  Supply Depot  
  21  2:04  Barracks Reactor  
  21  2:10  SCV  
  21  2:11  Refinery  
  22  2:27  SCV  
  22  2:28  Barracks  
  22  2:29  Bunker  
  23  2:40  Marine x2, SCV  
  24  3:17  Marine x3  
  27  3:28  Orbital Command, Factory  
  27  3:35  SCV  
  27  3:38  Marine  
  27  3:39  Marine  
  30  3:41  Marine  
  30  3:47  SCV  
  32  3:55  Supply Depot  
  32  3:59  SCV  
  33  4:04  Marine, Factory  
  33  4:05  Marine  
  33  4:07  Marine  
  36  4:23  Marine x2, SCV  
  39  4:25  Factory Tech Lab  
  39  4:29  Bunker  
  39  4:30  Marine  
  40  4:33  SCV  
  40  4:35  SCV  
  42  4:41  Marine  
  42  4:42  Supply Depot  
  43  4:46  Siege Tank  
  43  4:48  Factory Reactor  
  43  4:50  SCV x2  
  48  4:53  Refinery  
  48  4:54  Refinery  
  38  5:46  Factory Tech Lab  
  32  5:53  SCV x2  
  33  6:05  SCV  
  34  6:12  Siege Tank x2  
  34  6:13  SCV  
  34  6:17  SCV  
  36  6:35  Marine  
  14  6:53  Marine  
  1  7:48  Orbital Command  
  1  7:52  Refinery  
  1  8:01  Orbital Command  
Show
View Real Time Build Order
Export as new Build Order

unhedged Zerg - Winner!

Build Orders: Hatch First, Roach Nydus 

Get SALT Encoding   

  12  0:01  Drone  
  13  0:12  Drone  
  14  0:18  Overlord  
  14  0:28  Extractor  
  14  0:29  Drone  
  15  0:39  Drone x2  
  17  0:56  Hatchery  
  16  1:09  Spawning Pool  
  15  1:13  Extractor  
  14  1:21  Drone x2  
  16  1:57  Zergling x6  
  16  1:58  Queen  
  21  2:04  Roach Warren  
  20  2:09  Queen  
  22  2:25  Drone x3  
  25  2:44  Lair  
  25  2:46  Extractor  
  24  2:54  Drone x3  
  26  3:07  Drone  
  26  3:08  Drone  
  26  3:12  Overlord  
  26  3:23  Roach  
  28  3:37  Roach  
  28  3:38  Roach x3  
  36  3:48  Nydus Network  
  36  3:51  Overlord  
  35  4:11  Roach x3  
  41  4:24  Queen  
  41  4:25  Overlord  
  43  4:35  Nydus Canal  
  43  4:48  Roach  
  43  4:49  Roach x2  
  51  5:00  Roach  
  51  5:16  Overlord  
  49  5:32  Roach  
  49  5:33  Roach x3  
  41  5:49  Roach  
  39  5:50  Roach x5  
  43  6:00  Nydus Canal  
  43  6:08  Zergling x2  
  43  6:09  Zergling x4  
  46  6:37  Roach  
  46  6:38  Roach x4  
  56  6:53  Nydus Canal  
  56  6:55  Roach x2  
  52  7:13  Roach  
  52  7:14  Roach x3  
  60  7:37  Spire  
  59  8:12  Overlord x2  
  59  8:51  Mutalisk x4  
  67  9:23  Corruptor x2  
  71  9:28  Drone x3  
  71  9:29  Drone  
  75  9:54  Overlord x2  
  75  10:12  Queen x2  
  79  10:16  Corruptor x2  
  79  10:17  Corruptor  
  85  10:27  Drone x3  
  88  10:45  Hatchery  
  87  10:50  Corruptor x2  
  87  10:51  Overlord x2  
  91  11:13  Drone x5  
  91  11:14  Drone  
  91  11:17  Extractor  
  96  11:18  Extractor  
  95  11:46  Corruptor x3  
  99  11:49  Drone x3  
  99  11:50  Drone x2  
  106  11:56  Overlord  
  106  12:13  Drone x6  
Tags
 
Add a new tag
Caveats
  • Supply blocks, unpowered buildings, or Contaminate may cause inaccurate times.
  • Supply counts are checked every 10 seconds.